 Dungeon Crawl Stone Soup version 0.31-a0-819-gf6de2f5ab6 (webtiles) character file.

Game seed: 13543686692700292234

60 pokeman the Magician (level 3, -1/20 HPs)
             Began as a Deep Elf Hedge Wizard on Sept 24, 2023.
             Slain by Ijyb
             ... wielding a +0 dagger
              (4 damage)
             ... on level 3 of the Dungeon.
             The game lasted 00:04:02 (2289 turns).

pokeman the Magician (Deep Elf Hedge Wizard)        Turns: 2289, Time: 00:04:03

Health: -1/20      AC:  2    Str:  7    XL:     3   Next: 82%
Magic:  3/11       EV: 12    Int: 20    God:
Gold:   78         SH:  0    Dex: 14    Spells: 4/12 levels left

rFire   . . .        a - +0 dagger
rCold   . . .        (no shield)
rNeg    . . .        b - +0 robe
rPois   .            c - +0 hat
rElec   .            (no cloak)
rCorr   .            (no gloves)
SInv    .            (no boots)
Will    .....        (no amulet)
Stlth   ++           (no ring)
HPRegen 0.23/turn    (no ring)
MPRegen 0.12/turn

%: no passive effects
@: no status effects
A: no striking features
a: no special abilities


You were on level 3 of the Dungeon.
You visited 1 branch of the dungeon, and saw 3 of its levels.

You collected 78 gold pieces.

Inventory:

Hand Weapons
 a - a +0 dagger (weapon)
Armour
 b - a +0 robe (worn)
 c - a +0 hat (worn)
Scrolls
 g - a scroll of poison {unknown}
 h - a scroll of enchant armour {unknown}
 i - a scroll of enchant weapon {unknown}
 j - a scroll of identify {unknown}
 m - a scroll of teleportation {unknown}
 n - a scroll of blinking {unknown}
Potions
 d - a potion of magic
 e - 2 potions of curing {unknown}
 f - a potion of heal wounds {unknown}
 k - a potion of degeneration {unknown}
 l - a potion of enlightenment {unknown}


   Skills:
 - Level 1.0 Fighting
 - Level 1.0 Armour
 + Level 2.4 Dodging
 + Level 2.4 Stealth
 * Level 5.4 Spellcasting
 + Level 2.1 Conjurations
 - Level 1.1 Summonings
 - Level 1.1 Translocations


You had 4 spell levels left.
You knew the following spells:

 Your Spells              Type           Power      Damage    Failure   Level
a - Magic Dart            Conj           56%        1d5       4%          1
b - Mephitic Cloud        Conj/Pois/Air  8%         N/A       26%         3
c - Call Imp              Summ           18%        N/A       11%         2
d - Blink                 Tloc           18%        N/A       11%         2

Your spell library contained the following spells:

 Spells                   Type           Power      Damage    Failure   Level
 Slow                     Hex            20%        N/A       11%         1
 Cigotuvi's Dreadful Rot  Necr/Pois/Air  10%        N/A       17%         2
 Volatile Blastmotes      Fire/Tloc      14%        2d11      26%         3
 Iskenderun's Mystic Bla  Conj/Tloc      11%        2d4       50%         4
 Fulminant Prism          Conj/Hex       4%         3d5       56%         4


Dungeon Overview and Level Annotations

Branches:
Dungeon (3/15)

Altars:

Annotations:
D:3 Ijyb, Natasha


Message History

Your magical contamination has completely faded away.
You hit Ijyb but do no damage.
Ijyb is heavily wounded.
Something barely misses Ijyb.
Your cerulean imp hits Ijyb but does no damage.
Ijyb closely misses you.
You barely miss Ijyb.
Ijyb is heavily wounded.
Something claws Ijyb but does no damage.
Your cerulean imp hits Ijyb but does no damage.
Ijyb closely misses you.
Ijyb hits herself but does no damage.
You closely miss Ijyb.
Ijyb is heavily wounded.
Something barely misses Ijyb.
Your cerulean imp hits Ijyb but does no damage.
You hit Ijyb.
Ijyb is heavily wounded.
Something claws Ijyb but does no damage.
Your cerulean imp hits Ijyb with a -4 spear.
Ijyb hits you with a +0 dagger.
* * * LOW HITPOINT WARNING * * *
You hit Ijyb but do no damage.
Ijyb is severely wounded.
Something bites your cerulean imp.
Your cerulean imp hits Ijyb but does no damage.
Ijyb hits your cerulean imp with a +0 dagger.
You hit Ijyb but do no damage.
Ijyb is severely wounded.
Something bites your cerulean imp.
Your cerulean imp hits Ijyb with a -4 spear.
Casting: Call Imp (safe; 11% risk of failure)
Confirm with . or Enter, or press ? or * to list all spells.
Aiming: Magic Dart (safe; 4% risk of failure)
Press: ? - help, Shift-Dir - straight line, f - Ijyb
Aim: Ijyb, wielding a +0 dagger, wearing a +3 leather armour of willpower and carrying a wand of iceblast (almost dead, confused, ally target, 100% to hit)
The magic dart hits Ijyb.
Ijyb is almost dead.
Your cerulean imp hits Ijyb but does no damage.
Ijyb hits you with a +0 dagger.
You die...

.. .h # . #. .#
#.g #.
#..r#.####.##..
#.....#@.......
#5g###.#...
#.$......#
########....
##.... ... .# .


You could see Ijyb (confused, ally target) and a friendly cerulean imp
(summoned).

Vanquished Creatures
  A dart slug (D:1)
  5 endoplasms
  A giant cockroach (D:1)
  7 goblins
  3 hobgoblins
  7 jackals (D:1)
  4 kobolds
  3 quokkas
  8 ball pythons
  A bat (D:2)
  4 frilled lizards
  3 rats
47 creatures vanquished.

Vanquished Creatures (collateral kills)
  A worm (D:2)
1 creature vanquished.

Grand Total: 48 creatures vanquished

Notes
Turn   | Place    | Note
-------+----------+-------------------------------------------
     0 | D:1      | pokeman the Deep Elf Hedge Wizard began the quest for the
                  | Orb.
     0 | D:1      | Reached XP level 1. HP: 10/10 MP: 7/7
   240 | D:1      | You fall into a shaft and drop 1 floor!
   246 | D:2      | Reached XP level 2. HP: 16/16 MP: 6/9
   328 | D:2      | Found a faded altar of an unknown god.
   746 | D:1      | Reached skill level 5 in Spellcasting
   884 | D:1      | Reached XP level 3. HP: 20/20 MP: 6/11
   888 | D:1      | Learned a level 3 spell: Mephitic Cloud
   891 | D:1      | Learned a level 2 spell: Call Imp
   894 | D:1      | Learned a level 2 spell: Blink
  1750 | D:2      | Reached skill level 1 in Fighting
  2051 | D:3      | Noticed Ijyb
  2052 | D:3      | Noticed Natasha
  2059 | D:2      | Reached skill level 1 in Armour
  2289 | D:3      | Slain by Ijyb

Illustrated notes

Levels and vault maps discovered:
D:1:      dpeg_arrival_short_road, layout_loops_ring
D:2:      layout_rooms, dreamdust_ecumenical_altar_statues,
          minmay_misc_feat_iff, item_on_display_a
D:3:      layout_basic, mainiacjoe_overflow_chevrons, uniq_ijyb, uniq_natasha,
          uniq_terence

Skill      XL: |  1  2  3 |
---------------+----------+-----
Spellcasting   | 5 |  5.4
Conjurations   | 2 |  2.1
Fighting       | 1 |  1.0
Armour         | 1 |  1.0
Dodging        | |  2.4
Stealth        | |  2.4
Summonings     | |  1.1
Translocations | |  1.1

Action                     || total
---------------------------++-------
  Melee: Dagger            ||    36
   Cast: Magic Dart        ||   110
         Mephitic Cloud    ||     5
         Call Imp          ||     2
   Stab: Confused          ||     1
 Armour: Robe              ||    21
  Dodge: Dodged            ||    23

Table legend: (Time is in decaauts)
 A = Elapsed time spent in this place.
 B = Non-inter-level travel time spent in this place.
 C = Inter-level travel time spent in this place.
 D = Time resting spent in this place.
 E = Time spent auto-exploring this place.
 F = Levels seen in this place.
 G = Mean time per level.
                   A        B        C        D        E       F      G
               +--------+--------+--------+--------+--------+-----+--------+
         Total |   2291 |   2214 |     77 |    263 |   1640 |   3 |  763.7 |
       Dungeon |   2291 |   2214 |     77 |    263 |   1640 |   3 |  763.7 |
               +--------+--------+--------+--------+--------+-----+--------+

Top non-repeatable levels by time:
     D:1: 1464 daAuts
     D:2: 796 daAuts
     D:3: 30 daAuts
